ITL
DETROIT X-WINGS @ BIRMINGHAM BARONS
06/13/2028
 
TOP OF THE 1ST
Detroit X-Wings batting - Pitching for Birmingham Barons : LHP Marcos Bautista
Pitching: LHP Marcos Bautista
Batting: RHB Júlio López 0-0: Ball
1-0: Called Strike
1-1: Ground out 6-3 (Groundball, 6M)
Batting: RHB Gary Witt 0-0: Called Strike
0-1: Ground out 6-3 (Groundball, 6)
Batting: RHB Robby Lewis 0-0: Foul Ball, location: 2F
0-1: Called Strike
0-2: Ball
1-2: Reached on error, E5 (Groundball, 56)
Batting: RHB Jaime Contreras 0-0: Swinging Strike
0-1: Ball
1-1: SINGLE (Line Drive, 78M)
Robby Lewis to second
Batting: LHB Chris Loudermilk 0-0: Called Strike
0-1: Ball
1-1: Swinging Strike
1-2: Fly out, F5 (Line Drive, 56)
Top of the 1st over - 0 run(s), 1 hit(s), 1 error(s), 2 left on base; Detroit 0 - Birmingham 0
BOTTOM OF THE 1ST
Birmingham Barons batting - Pitching for Detroit X-Wings : LHP Keith Jennings
Pitching: LHP Keith Jennings
Batting: SHB Tony Echevarría 0-0: Ball
1-0: Ground out 6-3 (Groundball, 6)
Batting: RHB Juan Jiménez 0-0: Ball
1-0: Ball
2-0: Called Strike
2-1: Foul Ball, location: 2F
2-2: Strikes out swinging
Batting: RHB Dave Dawson 0-0: Ball
1-0: Ball
2-0: Ball
3-0: Base on Balls
Batting: LHB Curt Walker 0-0: Ball
1-0: Ball
2-0: Ball
3-0: Called Strike
3-1: Base on Balls
Dave Dawson to second
Batting: RHB Warren Martin 0-0: Called Strike
0-1: Foul Ball, location: 2F
0-2: Ball
1-2: Ball
2-2: Ground out U3 (Groundball, 3L)
Bottom of the 1st over - 0 run(s), 0 hit(s), 0 error(s), 2 left on base; Detroit 0 - Birmingham 0
TOP OF THE 2ND
Detroit X-Wings batting - Pitching for Birmingham Barons : LHP Marcos Bautista
Batting: RHB John Moore 0-0: Ball
1-0: Foul Ball, location: 2F
1-1: Bunt for hit - play at first, batter OUT! 5-3
Batting: RHB Enrique Aguilar 0-0: Ball
1-0: Called Strike
1-1: Ground out 6-3 (Groundball, 56)
Batting: RHB Oliver Acevedo 0-0: Ball
1-0: Called Strike
1-1: Swinging Strike
1-2: Strikes out swinging
Top of the 2nd over - 0 run(s), 0 hit(s), 0 error(s), 0 left on base; Detroit 0 - Birmingham 0
BOTTOM OF THE 2ND
Birmingham Barons batting - Pitching for Detroit X-Wings : LHP Keith Jennings
Batting: RHB Peyton Yardley 0-0: Fly out, F8 (Flyball, 8RS)
Batting: RHB Yujiro Kurihara 0-0: Called Strike
0-1: Swinging Strike
0-2: Fly out, F9 (Flyball, 89M)
Batting: LHB John Haney 0-0: Ball
1-0: Called Strike
1-1: Called Strike
1-2: Ball
2-2: Ball
3-2: Base on Balls
Batting: RHB Vicente Elías 0-0: Ball
1-0: Ball
2-0: Called Strike
2-1: Ball
3-1: Base on Balls
John Haney to second
Batting: SHB Tony Echevarría 0-0: Ball
1-0: Ball
2-0: Called Strike
2-1: Fly out, F6 (Line Drive, 6)
Bottom of the 2nd over - 0 run(s), 0 hit(s), 0 error(s), 2 left on base; Detroit 0 - Birmingham 0
TOP OF THE 3RD
Detroit X-Wings batting - Pitching for Birmingham Barons : LHP Marcos Bautista
Batting: SHB Felipe Detorres 0-0: Swinging Strike
0-1: Ground out 5-3 (Groundball, 56S)
Batting: RHB Júlio López 0-0: Ball
1-0: Foul Ball, location: 2F
1-1: SINGLE (Flyball, 8RS)
Batting: RHB Gary Witt 0-0: Called Strike
0-1: Ball
1-1: Ball
2-1: Ground out 4-3 (Groundball, 34)
Júlio López to second
Batting: RHB Robby Lewis 0-0: Called Strike
0-1: Ball
1-1: Fly out, F9 (Flyball, 9S)
Top of the 3rd over - 0 run(s), 1 hit(s), 0 error(s), 1 left on base; Detroit 0 - Birmingham 0
BOTTOM OF THE 3RD
Birmingham Barons batting - Pitching for Detroit X-Wings : LHP Keith Jennings
Batting: RHB Juan Jiménez 0-0: Ball
1-0: Called Strike
1-1: Swinging Strike
1-2: Ball
2-2: Ground out 6-3 (Groundball, 56)
Batting: RHB Dave Dawson 0-0: Ball
1-0: Foul Ball, location: 2F
1-1: Reached on error, E4 (Groundball, 4S)
Batting: LHB Curt Walker 0-0: Swinging Strike
0-1: Swinging Strike
0-2: Strikes out swinging
Batting: RHB Warren Martin 0-0: Ball
1-0: Fly out, F8 (Flyball, 8RM)
Bottom of the 3rd over - 0 run(s), 0 hit(s), 1 error(s), 1 left on base; Detroit 0 - Birmingham 0
TOP OF THE 4TH
Detroit X-Wings batting - Pitching for Birmingham Barons : LHP Marcos Bautista
Batting: RHB Jaime Contreras 0-0: Called Strike
0-1: Ground out U3 (Groundball, 3)
Batting: LHB Chris Loudermilk 0-0: Fly out, F8 (Flyball, 8RM)
Batting: RHB John Moore 0-0: Foul Ball, location: 2F
0-1: Fly out, F8 (Flyball, 8LM)
Top of the 4th over - 0 run(s), 0 hit(s), 0 error(s), 0 left on base; Detroit 0 - Birmingham 0
BOTTOM OF THE 4TH
Birmingham Barons batting - Pitching for Detroit X-Wings : LHP Keith Jennings
Batting: RHB Peyton Yardley 0-0: Ball
1-0: Ground out U3 (Groundball, 34)
Batting: RHB Yujiro Kurihara 0-0: Ball
1-0: Ground out 5-3 (Groundball, 56S)
Batting: LHB John Haney 0-0: Ball
1-0: Reached on error, E4 (Groundball, 4)
Batting: RHB Vicente Elías 0-0: Swinging Strike
0-1: Ball
Pickoff Throw to First - Out!
Bottom of the 4th over - 0 run(s), 0 hit(s), 1 error(s), 0 left on base; Detroit 0 - Birmingham 0
TOP OF THE 5TH
Detroit X-Wings batting - Pitching for Birmingham Barons : LHP Marcos Bautista
Batting: RHB Enrique Aguilar 0-0: Swinging Strike
0-1: Ball
1-1: Ground out 6-3 (Groundball, 6)
Batting: RHB Oliver Acevedo 0-0: Called Strike
0-1: Swinging Strike
0-2: Foul Ball, location: 2F
0-2: Strikes out swinging
Batting: SHB Felipe Detorres 0-0: Ball
1-0: Ball
2-0: Ground out 6-3 (Groundball, 6)
Top of the 5th over - 0 run(s), 0 hit(s), 0 error(s), 0 left on base; Detroit 0 - Birmingham 0
BOTTOM OF THE 5TH
Birmingham Barons batting - Pitching for Detroit X-Wings : LHP Keith Jennings
Batting: RHB Vicente Elías 0-0: Swinging Strike
0-1: Ball
1-1: Ball
2-1: Ball
3-1: Foul Ball, location: 2F
3-2: Base on Balls
Batting: SHB Tony Echevarría 0-0: SINGLE (Flyball, 6MD)
Vicente Elías to second
Batting: RHB Juan Jiménez 0-0: Ball
1-0: Called Strike
1-1: Fly out, F5 (Popup, 5L)
Batting: RHB Dave Dawson 0-0: Ball
1-0: Fly out, F6 (Popup, 6D)
Batting: LHB Curt Walker 0-0: Called Strike
0-1: Foul Ball, location: 2F
0-2: Foul Ball, location: 2F
0-2: Ball
1-2: Foul Ball, location: 2F
1-2: Strikes out swinging
Bottom of the 5th over - 0 run(s), 1 hit(s), 0 error(s), 2 left on base; Detroit 0 - Birmingham 0
TOP OF THE 6TH
Detroit X-Wings batting - Pitching for Birmingham Barons : LHP Marcos Bautista
Batting: RHB Júlio López 0-0: Swinging Strike
0-1: SINGLE (Flyball, 7LS)
Batting: RHB Gary Witt 0-0: Ball
1-0: SINGLE (Groundball, 6MD)
Júlio López to second
Batting: RHB Robby Lewis 0-0: Ball
1-0: Swinging Strike
1-1: Ball
2-1: Foul Ball, location: 2F
2-2: Foul Ball, location: 2F
2-2: Foul Ball, location: 2F
2-2: Ball
3-2: Foul Ball, location: 2F
3-2: Strikes out swinging
Batting: RHB Jaime Contreras 0-0: Ball
1-0: Grounds into double play, 6-4-3 (Groundball, 6)
Top of the 6th over - 0 run(s), 2 hit(s), 0 error(s), 1 left on base; Detroit 0 - Birmingham 0
BOTTOM OF THE 6TH
Birmingham Barons batting - Pitching for Detroit X-Wings : LHP Keith Jennings
Batting: RHB Warren Martin 0-0: Ball
1-0: Called Strike
1-1: Ball
2-1: SINGLE (Flyball, 6MD)
Batting: RHB Peyton Yardley Pickoff Throw to First - Error! E1
Warren Martin to second
0-0: Called Strike
0-1: Fly out, F9 (Flyball, 9)
Batting: RHB Yujiro Kurihara 0-0: Foul Ball, location: 2F
0-1: Ball
1-1: Called Strike
1-2: Ball
2-2: Ball
3-2: SINGLE (Flyball, 7LS)
Warren Martin to third
Runner from 3rd tries for Home, throw and OUT!
Yujiro Kurihara to second
Batting: LHB John Haney 0-0: Ball
1-0: Called Strike
1-1: Called Strike
1-2: Foul Ball, location: 2F
1-2: Strikes out looking
Bottom of the 6th over - 0 run(s), 2 hit(s), 1 error(s), 1 left on base; Detroit 0 - Birmingham 0
TOP OF THE 7TH
Detroit X-Wings batting - Pitching for Birmingham Barons : LHP Marcos Bautista
Batting: LHB Chris Loudermilk 0-0: Foul Ball, location: 2F
0-1: Ball
1-1: Foul Ball, location: 2F
1-2: Ball
2-2: Foul Ball, location: 2F
2-2: Ball
3-2: Fly out, F7 (Flyball, 7LM)
Batting: RHB John Moore 0-0: Called Strike
0-1: Ball
1-1: DOUBLE (Line Drive, 78D)
Batting: RHB Enrique Aguilar 0-0: Ball
1-0: Called Strike
1-1: Foul Ball, location: 2F
1-2: Strikes out looking
Batting: RHB Oliver Acevedo 0-0: Foul Ball, location: 2F
0-1: Swinging Strike
0-2: Ball
1-2: Ball
2-2: Ball
3-2: Foul Ball, location: 2F
3-2: Strikes out looking
Top of the 7th over - 0 run(s), 1 hit(s), 0 error(s), 1 left on base; Detroit 0 - Birmingham 0
BOTTOM OF THE 7TH
Birmingham Barons batting - Pitching for Detroit X-Wings : LHP Keith Jennings
Pinch Hitting: RHB Eric Johnson 0-0: Ball
1-0: Called Strike
1-1: DOUBLE (Line Drive, 7LM)
Batting: SHB Tony Echevarría 0-0: Ball
1-0: Ball
2-0: Ball
3-0: Called Strike
3-1: Ground out 6-3 (Groundball, 6)
Pitching: RHP Aaron Abrams
Pinch Hitting: RHB Carlos García 0-0: Intentional Walk
Pinch Hitting: LHB Lee Reeves 0-0: Foul Ball, location: 2F
0-1: Ball
1-1: Swinging Strike
1-2: Strikes out looking
Batting: LHB Curt Walker 0-0: Called Strike
0-1: Ball
1-1: Foul Ball, location: 2F
1-2: Ball
2-2: Ball
3-2: Foul Ball, location: 2F
3-2: Base on Balls
Eric Johnson to third
Carlos García to second
Batting: RHB Warren Martin 0-0: Ball
1-0: Foul Ball, location: 2F
1-1: Ball
2-1: Foul Ball, location: 2F
2-2: Ball
3-2: Strikes out swinging
Bottom of the 7th over - 0 run(s), 1 hit(s), 0 error(s), 3 left on base; Detroit 0 - Birmingham 0
TOP OF THE 8TH
Detroit X-Wings batting - Pitching for Birmingham Barons : LHP Marcos Bautista
Now at 1B: Lee Reeves
Now at 2B: Jean-Paul St-Pierre
Now at SS: Carlos Vásquez
Batting: SHB Felipe Detorres 0-0: Ball
1-0: DOUBLE (Line Drive, 8RXD)
Batting: RHB Júlio López 0-0: Ground out 4-3 (Groundball, 4)
Felipe Detorres to third
Batting: RHB Gary Witt 0-0: Ball
1-0: Ball
2-0: Called Strike
2-1: Foul Ball, location: 2F
2-2: Ball
3-2: Foul Ball, location: 2F
3-2: Ground out 6-3 (Groundball, 56)
Pitching: RHP Rick Grant
Batting: RHB Robby Lewis 0-0: Ground out 4-3 (Groundball, 4)
Top of the 8th over - 0 run(s), 1 hit(s), 0 error(s), 1 left on base; Detroit 0 - Birmingham 0
BOTTOM OF THE 8TH
Birmingham Barons batting - Pitching for Detroit X-Wings : RHP Aaron Abrams
Pinch Hitting: RHB Todd Rogers 0-0: Ground out 6-3 (Groundball, 6)
Batting: RHB Yujiro Kurihara 0-0: Ball
1-0: Ball
2-0: Ball
3-0: Called Strike
3-1: Base on Balls
Pinch Runner at 1st Alberto Santos:
Batting: LHB John Haney 0-0: Ball
1-0: Called Strike
1-1: Sac Bunt - play at first, batter OUT! 3-4
Alberto Santos to second
Batting: RHB Carlos Vásquez 0-0: SINGLE (Groundball, 4D)
Alberto Santos to third
Runner from 3rd tries for Home, throw and OUT!
Bottom of the 8th over - 0 run(s), 1 hit(s), 0 error(s), 1 left on base; Detroit 0 - Birmingham 0
TOP OF THE 9TH
Detroit X-Wings batting - Pitching for Birmingham Barons : RHP Rick Grant
Pitching: RHP Félix Andrade
Now at 2B: Todd Rogers
Pinch Hitting: LHB Juan Jose Pineda 0-0: Ball
1-0: Fly out, F5 (Line Drive, 6S)
Batting: LHB Chris Loudermilk 0-0: Ball
1-0: Ground out 1-3 (Groundball, 13)
Batting: RHB John Moore 0-0: Called Strike
0-1: Foul Ball, location: 2F
0-2: Foul Ball, location: 2F
0-2: Ball
1-2: Ball
2-2: Fly out, F4 (Popup, 4)
Top of the 9th over - 0 run(s), 0 hit(s), 0 error(s), 0 left on base; Detroit 0 - Birmingham 0
BOTTOM OF THE 9TH
Birmingham Barons batting - Pitching for Detroit X-Wings : RHP Aaron Abrams
Now in RF: Juan Jose Pineda
Pinch Hitting: RHB Juan Díaz 0-0: Fly out, F5 (Line Drive, 5S)
Batting: RHB Jean-Paul St-Pierre 0-0: Called Strike
0-1: Ball
1-1: Foul Ball, location: 2F
1-2: Ball
2-2: Ball
3-2: Base on Balls
Batting: LHB Lee Reeves 0-0: Ball
1-0: Ball
2-0: Ball
3-0: Fly out, F3 (Popup, 3L)
Batting: LHB Curt Walker 0-0: Called Strike
0-1: Foul Ball, location: 2F
0-2: Hit by Pitch
Jean-Paul St-Pierre to second
Pitching: RHP Gerardo García
Batting: RHB Warren Martin 0-0: Swinging Strike
0-1: Swinging Strike
0-2: Foul Ball, location: 2F
0-2: Strikes out looking
Bottom of the 9th over - 0 run(s), 0 hit(s), 0 error(s), 2 left on base; Detroit 0 - Birmingham 0
TOP OF THE 10TH
Detroit X-Wings batting - Pitching for Birmingham Barons : RHP Félix Andrade
Now at C: Curt Causton
Batting: RHB Enrique Aguilar 0-0: Called Strike
0-1: Foul Ball, location: 2F
0-2: Ground out 6-3 (Groundball, 6D)
Pinch Hitting: LHB Paul Alston 0-0: Ball
1-0: Ball
2-0: SINGLE (Groundball, 34D)
Batting: SHB Felipe Detorres 0-0: Called Strike
0-1: Ball
1-1: Fly out, F8 (Flyball, 78M)
Batting: RHB Júlio López 0-0: Fly out, F9 (Flyball, 89M)
Top of the 10th over - 0 run(s), 1 hit(s), 0 error(s), 1 left on base; Detroit 0 - Birmingham 0
BOTTOM OF THE 10TH
Birmingham Barons batting - Pitching for Detroit X-Wings : RHP Gerardo García
Now at C: Carlos Aguirre
Batting: RHB Todd Rogers 0-0: Foul Ball, location: 2F
0-1: Ball
1-1: Swinging Strike
1-2: Foul Ball, location: 2F
1-2: Foul Ball, location: 2F
1-2: Ball
2-2: Strikes out looking
Batting: LHB Alberto Santos 0-0: Ball
1-0: Ground out 1-3 (Groundball, 13)
Batting: LHB John Haney 0-0: Ball
1-0: Ground out 6-3 (Groundball, 6)
Bottom of the 10th over - 0 run(s), 0 hit(s), 0 error(s), 0 left on base; Detroit 0 - Birmingham 0
TOP OF THE 11TH
Detroit X-Wings batting - Pitching for Birmingham Barons : RHP Félix Andrade
Batting: RHB Gary Witt 0-0: Ball
1-0: Ball
2-0: Called Strike
2-1: Foul Ball, location: 2F
2-2: Foul Ball, location: 2F
2-2: Foul Ball, location: 2F
2-2: Ball
3-2: SINGLE (Flyball, 89S)
Batting: RHB Robby Lewis 0-0: Called Strike
0-1: Foul Ball, location: 2F
0-2: Ball
1-2: Foul Ball, location: 2F
1-2: Strikes out swinging
Batting: LHB Juan Jose Pineda 0-0: Ball
1-0: Foul Ball, location: 2F
1-1: Called Strike
1-2: Ball
2-2: Ball
3-2: Strikes out swinging
Gary Witt steals 2nd base
Batter strikes out.
Batting: LHB Chris Loudermilk 0-0: Ball
1-0: Swinging Strike
1-1: Swinging Strike
1-2: Ball
2-2: Foul Ball, location: 2F
2-2: Foul Ball, location: 2F
2-2: Strikes out looking
Top of the 11th over - 0 run(s), 1 hit(s), 0 error(s), 1 left on base; Detroit 0 - Birmingham 0
BOTTOM OF THE 11TH
Birmingham Barons batting - Pitching for Detroit X-Wings : RHP Gerardo García
Batting: RHB Carlos Vásquez 0-0: Called Strike
0-1: Fly out, F9 (Flyball, 9)
Batting: LHB Curt Causton 0-0: Foul Ball, location: 2F
0-1: Swinging Strike
0-2: Fly out, F4 (Line Drive, 34)
Batting: RHB Jean-Paul St-Pierre 0-0: Ball
1-0: Called Strike
1-1: Ball
2-1: Swinging Strike
2-2: Foul Ball, location: 2F
2-2: Ball
3-2: Base on Balls
Batting: LHB Lee Reeves 0-0: Called Strike
0-1: Foul Ball, location: 2F
0-2: Ball
1-2: Foul Ball, location: 2F
1-2: SINGLE (Flyball, 9LM)
Jean-Paul St-Pierre to second
Runner from 2nd tries for 3rd, SAFE, throw made to third
Batting: LHB Curt Walker 0-0: SINGLE (Line Drive, 8LS)
Jean-Paul St-Pierre scores
Tuesday, August 8th, 2017 - OOTP Baseball 17.12 Build 75